 Dungeon Crawl Stone Soup version 0.29-a0-472-ge5599a681e (webtiles) character file.

Game seed: 15007165284105024170

729 greenreed the Vexing (level 7, -12/56 HPs)
             Began as a Hill Orc Enchanter on May 21, 2022.
             Mangled by an ogre
             ... wielding a +0 giant spiked club
              (26 damage)
             ... on level 5 of the Dungeon on May 22, 2022.
             The game lasted 00:21:08 (5654 turns).

greenreed the Vexing (Hill Orc Enchanter)           Turns: 5654, Time: 00:21:08

Health: -12/56     AC: 14    Str: 11    XL:     7   Next: 73%
Magic:  10/11      EV: 12    Int: 17    God:
Gold:   185        SH:  5    Dex: 11    Spells: 9/11 levels left

rFire   . . .      SeeInvis .   C - +2 short sword (venom)
rCold   . . .      Faith    .   (no shield)
rNeg    . . .      Spirit   .   b - +0 robe
rPois   .          Reflect  +   g - +2 hat
rElec   .          Harm     .   d - +0 cloak
rCorr   +          Rampage  .   (no gloves)
Will    .....      Clarity  +   (no boots)
Stlth   ++........              f - amulet of reflection
HPRegen 0.18/turn               r - +4 ring of protection
MPRegen 0.12/turn               s - ring of resist corrosion

@: no status effects
A: iridescent scales 2, clarity, shaggy fur 1, sturdy frame 1
a: no special abilities


You were on level 5 of the Dungeon.
You visited 1 branch of the dungeon, and saw 5 of its levels.
You also visited: Sewer.

You collected 185 gold pieces.

Inventory:

Hand Weapons
 a - a +1 dagger
 k - a +1 dagger of holy wrath
 C - a +2 short sword of venom (weapon)
Missiles
 e - 15 poisoned darts (quivered)
Armour
 b - a +0 robe (worn)
 d - a +0 cloak (worn)
 g - a +2 hat (worn)
 y - an orb of wrath
Jewellery
 f - an amulet of reflection (around neck)
 r - a +4 ring of protection (left hand)
 s - a ring of resist corrosion (right hand)
 K - an amulet of regeneration
Wands
 w - a wand of paralysis (6)
 H - a wand of mindburst (7)
 I - a wand of charming (11)
Scrolls
 h - 2 scrolls of poison {unknown}
 l - 2 scrolls of fear {unknown}
 n - 2 scrolls of teleportation {unknown}
 p - 2 scrolls of enchant armour
 q - 2 scrolls of blinking {unknown}
 t - a scroll of identify
 v - a scroll of amnesia {unknown}
 G - 2 scrolls of brand weapon {unknown}
 J - a scroll of immolation {unknown}
Potions
 c - 6 potions of invisibility
 i - 4 potions of curing {unknown}
 j - 2 potions of mutation
 m - a potion of cancellation {unknown}
 o - 4 potions of might
 u - a potion of degeneration {unknown}
 x - a potion of brilliance {unknown}
 z - a potion of flight {unknown}
 A - a potion of lignification {unknown}
 B - a potion of attraction {unknown}
 D - 2 potions of haste {unknown}
 E - 2 potions of magic {unknown}
 F - a potion of resistance {unknown}


   Skills:
 + Level 2.4 Fighting
 + Level 3.2 Short Blades
 + Level 3.6 Dodging
 - Level 2.4 Stealth
 + Level 3.1 Shields
 + Level 2.7 Spellcasting
 + Level 4.3 Hexes
 + Level 2.0 Ice Magic


You had 9 spell levels left.
You knew the following spells:

 Your Spells              Type           Power      Damage    Failure   Level
a - Ensorcelled Hibernat  Hex/Ice        26%        N/A       8%          2

Your spell library contained the following spells:

 Spells                   Type           Power      Damage    Failure   Level
 Confusing Touch          Hex            17%        N/A       9%          3
 Tukima's Dance           Hex            17%        N/A       9%          3
 Dazzling Flash           Conj/Hex       18%        N/A       22%         3
 Spider Form              Tmut/Pois      2%         N/A       47%         3
 Anguish                  Hex/Necr       4%         N/A       58%         4


Dungeon Overview and Level Annotations

Branches:
Dungeon (5/15)              Sewer (visited)
 Temple: D:4-7

Altars:
Fedhas
Gozag

Shops:
D:2 (   D:3 *


Innate Abilities, Weirdness & Mutations

You are mostly covered in iridescent scales. (AC +4)
You possess an exceptional clarity of mind.
You are covered in fur. (AC +1)
Your movements are slightly less encumbered by armour. (ER -2)


Message History

Aim: an ogre, wielding a +0 giant spiked club (moderately wounded, very poisoned, chance to affect: 47%)
The ogre looks drowsy...
The ogre shouts!
Casting: Ensorcelled Hibernation (safe; 8% risk of failure)
Confirm with . or Enter, or press ? or * to list all spells.
Aiming: Ensorcelled Hibernation (safe; 8% risk of failure)
Press: ? - help, Shift-Dir - straight line, f - you, p - ogre
Okay, then.
The ogre looks more healthy.
Casting: Ensorcelled Hibernation (safe; 8% risk of failure)
Confirm with . or Enter, or press ? or * to list all spells.
Aiming: Ensorcelled Hibernation (safe; 8% risk of failure)
Press: ? - help, Shift-Dir - straight line, f - you, p - ogre
Okay, then.
Casting: Ensorcelled Hibernation (safe; 8% risk of failure)
Confirm with . or Enter, or press ? or * to list all spells.
Aiming: Ensorcelled Hibernation (safe; 8% risk of failure)
Press: ? - help, Shift-Dir - straight line, f/p - ogre
Aim: an ogre, wielding a +0 giant spiked club (severely wounded, chance to affect: 47%)
The ogre looks drowsy...
The ogre shouts!
The ogre completely misses you.
You barely miss the ogre.
The ogre is severely wounded.
You hit the ogre.
The ogre is severely wounded.
The ogre hits you with a +0 giant spiked club!
* * * LOW HITPOINT WARNING * * *
You hit the ogre.
The ogre is poisoned.
The ogre is severely wounded.
The ogre hits you but does no damage.
Throw: 16 darts (poison)
Press: ? - help, Q - select action, (/) - cycle Shift-Dir - straight line, f/p - ogre
Aim: an ogre, wielding a +0 giant spiked club (almost dead, poisoned, 72% to hit)
You throw a poisoned dart. The poisoned dart hits the ogre.
The ogre is almost dead.
You closely miss the ogre.
The ogre is almost dead.
The ogre hits you with a +0 giant spiked club!!
You die...

..#.####
####..########.#.#
###.#######
#...........##.^.####
#.)......†#
#...........###..##..
#......##.#
#...........###...#..
#.#'#..##.#
#...........##.......
#†#.#.###.#
####..########.#..#..
..#.#†###.#
#(.#........##.##.
..#.#..##.#
#O.#.#......##..#.
.##.##.##.##
#@.#.#.####.##..#.
.#...#.....#
####.#....#.##.... .#
_.#.....#
.........#.#.###[..
.# #.....#
.####........# #...
.# ##.....#
#.........### ##.. ..
#..##.## ######.##.#
#.. .. #.## .# #.##.#
##. .. #.# .# ..##.#
#. ..#+#.# #####.# #.


You could see an ogre (poisoned).

Vanquished Creatures
  A yak (D:5)
  A black bear (D:5)
  An ogre (D:5)
  4 hounds
  An iguana (D:4)
  7 adders
  A gnoll (D:4)
  6 river rats (Sewer)
  An ufetubus (D:4)
  3 worms
  2 dart slugs
  2 orcs
  16 ball pythons
  3 endoplasms
  4 giant cockroaches
  8 goblins
  5 hobgoblins
  4 jackals (D:1)
  20 kobolds
  7 quokkas
  6 bats
  A frilled lizard (D:1)
  20 rats
124 creatures vanquished.

Notes
Turn   | Place    | Note
-------+----------+-------------------------------------------
     0 | D:1      | greenreed the Hill Orc Enchanter began the quest for the
                  | Orb.
     0 | D:1      | Reached XP level 1. HP: 14/14 MP: 3/3
   320 | D:1      | Reached XP level 2. HP: 12/20 MP: 4/4
   468 | D:1      | Learned a level 2 spell: Ensorcelled Hibernation
  1229 | D:1      | Found a faded altar of an unknown god.
  1284 | D:1      | Reached XP level 3. HP: 26/26 MP: 0/5
  2117 | D:2      | Found Lontugga's Weapon Emporium.
  2465 | D:3      | Found Voty's General Store.
  2581 | D:3      | Reached XP level 4. HP: 33/34 MP: 6/6
  2670 | D:3      | Reached skill level 1 in Shields
  2718 | D:3      | You fall into a shaft and drop 2 floors!
  2718 | D:5      | Entered Level 5 of the Dungeon
  2947 | D:5      | Found a glowing drain.
  3001 | Sewer    | Entered a sewer
  3374 | Sewer    | Reached skill level 1 in Ice Magic
  3378 | Sewer    | Reached XP level 5. HP: 39/39 MP: 8/8
  3570 | Sewer    | Reached skill level 1 in Fighting
  4191 | Sewer    | Gained mutation: You are partially covered in iridescent
                  | scales. (AC +2) [potion of mutation]
  4191 | Sewer    | Gained mutation: Potions are less effective at restoring
                  | your health. [potion of mutation]
  4191 | Sewer    | Gained mutation: You have an increased reservoir of magic.
                  | (+10% MP) [potion of mutation]
  4191 | Sewer    | Gained mutation: Your movements are slightly less
                  | encumbered by armour. (ER -2) [potion of mutation]
  4192 | Sewer    | Lost mutation: Potions are less effective at restoring your
                  | health. [potion of mutation]
  4192 | Sewer    | Lost mutation: You have an increased reservoir of magic.
                  | (+10% MP) [potion of mutation]
  4192 | Sewer    | Gained mutation: You are covered in fur. (AC +1) [potion of
                  | mutation]
  4192 | Sewer    | Gained mutation: You are mostly covered in iridescent
                  | scales. (AC +4) [potion of mutation]
  4192 | Sewer    | Gained mutation: You possess an exceptional clarity of
                  | mind. [potion of mutation]
  4336 | D:5      | Noticed an ogre
  4671 | D:4      | Reached XP level 6. HP: 41/47 MP: 9/9
  4922 | D:4      | Found a blossoming altar of Fedhas.
  5212 | D:5      | Noticed a black bear
  5230 | D:5      | Killed a black bear
  5231 | D:5      | Reached skill level 4 in Hexes
  5231 | D:5      | Reached XP level 7. HP: 46/55 MP: 0/10
  5366 | D:5      | Noticed a yak
  5398 | D:5      | Killed a yak
  5450 | D:5      | Upgraded the game from 0.29-a0-468-ge57f7f99b4 to
                  | 0.29-a0-472-ge5599a681e
  5520 | D:5      | Found an opulent altar of Gozag.
  5654 | D:5      | Mangled by an ogre

Illustrated notes

Levels and vault maps discovered:
D:1:      amcnicky_arrival_feature_with_door, layout_basic,
          hellmonk_ecumenical_altar_crossroads, minmay_misc_feat_chi
D:2:      layout_loops_cross, serial_shops, nicolae_shop_bloodbath_and_beyond,
          kennysheep_generic_room_16
D:3:      layout_rooms, serial_shops, shop, uniq_jessica
D:4:      layout_cave_pools, minmay_ruined_shrine
D:5:      layout_basic, mainiacjoe_overflow_brackets,
          mainiacjoe_overflow_surrounded_room, gup_sewer_entry_bowl,
          minivault_11, minmay_manual_moon

Skill      XL: |  1  2  3  4  5  6  7 |
---------------+----------------------+-----
Short Blades   | 2 3 |  3.2
Dodging        | 2 3 |  3.6
Shields        | 1 2 3 |  3.1
Spellcasting   | 2 |  2.7
Ice Magic      | 1 2 |  2.0
Fighting       | 1 2 |  2.4
Hexes          | 4 |  4.3
Stealth        | |  2.4

Action                   |  1- 3 |  4- 6 |  7- 9 || total
-------------------------+-------+-------+-------++-------
Melee: Dagger            |   171 |   202 |       ||   373
       Punch             |     3 |     3 |       ||     6
       Short sword       |       |    76 |    36 ||   112
Throw: Dart              |       |       |     1 ||     1
 Cast: Ensorcelled Hiber |     8 |    28 |    10 ||    46
  Use: Potion            |       |     3 |       ||     3
       Scroll            |       |     3 |       ||     3
 Stab: Sleeping          |    14 |    13 |     3 ||    30
       Invisible         |       |     2 |       ||     2
Armor: Robe              |    39 |    97 |     6 ||   142
Dodge: Dodged            |    67 |   194 |    12 ||   273
Block: Other             |    26 |    72 |    10 ||   108
       Reflection        |       |     1 |       ||     1

Table legend: (Time is in decaauts)
 A = Elapsed time spent in this place.
 B = Non-inter-level travel time spent in this place.
 C = Inter-level travel time spent in this place.
 D = Time resting spent in this place.
 E = Time spent auto-exploring this place.
 F = Levels seen in this place.
 G = Mean time per level.
                   A        B        C        D        E       F      G
               +--------+--------+--------+--------+--------+-----+--------+
         Total |   5633 |   5535 |     98 |    491 |   3770 |   6 |  938.8 |
       Dungeon |   4417 |   4319 |     98 |    307 |   3161 |   5 |  883.4 |
         Sewer |   1216 |   1216 |      0 |    184 |    608 |   1 | 1216.0 |
               +--------+--------+--------+--------+--------+-----+--------+

Top non-repeatable levels by time:
     D:1: 1519 daAuts
   Sewer: 1216 daAuts
     D:5: 870 daAuts
     D:2: 797 daAuts
     D:4: 616 daAuts
     D:3: 612 daAuts
